 Dungeon Crawl Stone Soup version 0.30.0-29-ga12c61a403 (webtiles) character file.

Game seed: 18242120613197255277

354 hawla the Firebug (level 7, -1/50 HPs)
             Began as a Meteoran Fire Elementalist on June 15, 2023.
             Slain by an ice beast (13 damage)
             ... on level 5 of the Dungeon.
             The game lasted 00:06:17 (1023 turns).

hawla the Firebug (Meteoran Fire Elementalist)      Turns: 1023, Time: 00:06:18

Health: -1/50      AC:  2    Str: 11    XL:     7   Next: 16%
Magic:  0/15       EV: 13    Int: 18    God:
Gold:   119        SH:  0    Dex: 14    Spells: 13/16 levels left

rFire   + . .        i - staff of fire
rCold   . . .        (no shield)
rNeg    . . .        a - +0 robe
rPois   .            (no helmet)
rElec   .            (no cloak)
rCorr   .            (no gloves)
SInv    .            (no boots)
Will    .....        (no amulet)
Stlth   +            (no ring)
HPRegen 0.28/turn    (no ring)
MPRegen 0.14/turn

%: no passive effects
@: very slightly contaminated, glowing
A: sense surroundings 1, otherworldly, glowing, explore regen
a: no special abilities


You were on level 5 of the Dungeon.
You visited 1 branch of the dungeon, and saw 5 of its levels.

You collected 119 gold pieces.

Inventory:

Armour
 a - a +0 robe (worn)
Magical Staves
 i - a staff of fire (weapon)
Scrolls
 j - a scroll of poison
Potions
 b - a potion of magic
 c - 2 potions of resistance {unknown}
 d - a potion of attraction {unknown}
 e - 3 potions of brilliance {unknown}
 g - a potion of haste {unknown}
 h - a potion of heal wounds {unknown}


   Skills:
 + Level 3.0 Dodging
 - Level 1.4 Stealth
 + Level 5.2 Spellcasting
 + Level 2.7 Conjurations
 + Level 5.7 Fire Magic
 + Level 3.0 Evocations


You had 13 spell levels left.
You knew the following spells:

 Your Spells              Type           Power      Damage    Failure   Level
a - Foxfire               Conj/Fire      100%       2x1d9     2%          1
b - Scorch                Fire           76%        2d8       1%          2

Your spell library contained the following spells:

 Spells                   Type           Power      Damage    Failure   Level
 Inner Flame              Hex/Fire       22%        N/A       12%         3
 Volatile Blastmotes      Fire/Tloc      44%        2d13      12%         3
 Flame Wave               Conj/Fire      30%        2d9       22%         4


Dungeon Overview and Level Annotations

Branches:
Dungeon (5/15) Zot: 1977   Temple (0/1) D:5

Altars:
Cheibriados
Kikubaaqudgha
Wu Jian


Innate Abilities, Weirdness & Mutations

You passively map a small area around you.
You are easily found by Zot.
You glow in the dark.
You regain HP and MP as you explore.


Message History

Confirm with . or Enter, or press ? or * to list all spells.
You don't know that spell.
Casting: Scorch (safe; 1% risk of failure)
Confirm with . or Enter, or press ? or * to list all spells.
You feel a surge of power!
You conjure some foxfire!
The foxfire hits the sleepcap!
The sleepcap is heavily damaged.
The ice beast misses you.
Casting: Foxfire (safe; 2% risk of failure)
Confirm with . or Enter, or press ? or * to list all spells.
You feel a surge of power!
Flames lash the sleepcap.
The sleepcap is severely damaged.
The sleepcap's fire resistance burns away.
The foxfire hits the sleepcap.
The sleepcap is severely damaged.
The ice beast hits you. The ice beast freezes you!
Casting: Scorch (safe; 1% risk of failure)
Confirm with . or Enter, or press ? or * to list all spells.
You feel a surge of power!
You conjure some foxfire!
The sleepcap closely misses you. The ice beast closely misses you.
You hit the sleepcap.
The sleepcap is almost destroyed.
The foxfire hits the sleepcap.
The sleepcap is burned terribly!
The sleepcap is almost destroyed.
The foxfire hits the ice beast but does no damage.
The ice beast is moderately wounded.
The sleepcap completely misses you. The ice beast hits you.
The ice beast freezes you!
Casting: Foxfire (safe; 2% risk of failure)
Confirm with . or Enter, or press ? or * to list all spells.
You feel a surge of power!
You conjure some foxfire!
The sleepcap is no longer more vulnerable to fire.
The sleepcap releases spores at you!
* * * LOW HITPOINT WARNING * * *
You are engulfed in a cloud of soporific spores!
You fall asleep.
The ice beast hits you.
You wake up.
* * * LOW HITPOINT WARNING * * *
The ice beast freezes you!
You die...

* .....#*
##..##
.....###..###
#..>..#..####
##...##.....#
##.##.......#
#.##........ *
#.#.........
##.Y..$......
,
*#..v@f......#
,
,#.#v........
*
,..##..>.....#
....
#.......## ,
......
###...#..# ,
..... #### ..
....., ** #, ,
..$. , ,* , ,
* , ,


You could see an ice beast (ally target) and a sleepcap (ally target).

Vanquished Creatures
  An ogre (D:4)
  2 scorpions
  A hound (D:4)
  2 orc wizards (D:4)
  An adder (D:2)
  A worm (D:2)
  A dart slug (D:2)
  3 orcs (D:4)
  2 bats (D:1)
  3 endoplasms
  4 giant cockroaches
  A hobgoblin (D:1)
  2 quokkas
  A ball python (D:1)
  3 goblins
  2 kobolds
  2 butterflies (D:5)
32 creatures vanquished.

Vanquished Creatures (collateral kills)
  An iguana (D:5)
1 creature vanquished.

Vanquished Creatures (others)
  76 foxfires
76 creatures vanquished.

Grand Total: 109 creatures vanquished

Notes
Turn   | Place    | Note
-------+----------+-------------------------------------------
     0 | D:1      | hawla the Meteoran Fire Elementalist began the quest for
                  | the Orb.
     0 | D:1      | Reached XP level 1. HP: 14/14 MP: 5/5
    78 | D:1      | Reached XP level 2. HP: 20/20 MP: 1/6
   195 | D:2      | Reached XP level 3. HP: 24/26 MP: 3/8
   198 | D:2      | Learned a level 2 spell: Scorch
   335 | D:4      | Reached skill level 1 in Evocations
   394 | D:4      | Reached XP level 4. HP: 33/33 MP: 0/9
   397 | D:4      | Reached XP level 5. HP: 38/38 MP: 6/10
   447 | D:4      | Found an ancient bone altar of Kikubaaqudgha.
   563 | D:4      | Found a snail-covered altar of Cheibriados.
   624 | D:4      | Reached skill level 5 in Fire Magic
   652 | D:4      | Found an ornate altar of the Wu Jian Council.
   655 | D:4      | Reached XP level 6. HP: 45/45 MP: 4/13
   749 | D:4      | Noticed an ogre
   752 | D:4      | Killed an ogre
   973 | D:5      | Entered Level 5 of the Dungeon
  1001 | D:5      | Noticed an ice beast
  1006 | D:5      | Found a staircase to the Ecumenical Temple.
  1019 | D:5      | Reached skill level 5 in Spellcasting
  1019 | D:5      | Reached XP level 7. HP: 50/50 MP: 5/15
  1023 | D:5      | Slain by an ice beast

Illustrated notes

Levels and vault maps discovered:
D:1:      dpeg_arrival_windows_large_door, layout_basic
D:2:      cheibrodos_old_hovel, layout_loops_ring,
          shapermc_ecumenical_altar_totnotflames, kennysheep_crisscross
D:3:      corexii_shack_village, layout_basic,
          mainiacjoe_overflow_six_doors_small, serial_park_tiny_pond,
          kennysheep_cross_room, hangedman_decor_slide_cut,
          uniq_crazy_yiuf_cottage
D:4:      layout_loops_ring, cheibriados_altar_1,
          nicolae_kikubaaqudgha_miasma_corner, nzn_wu_jian_contemplation,
          st_stairs_2
D:5:      lemuel_ratsnest, layout_cave_pods, minmay_temple_entry_butterflies,
          nicolae_shop_vocational, uniq_pikel, uniq_duvessa, uniq_eustachio

Skill      XL: |  1  2  3  4  5  6 |
---------------+-------------------+-----
Spellcasting   | 3 4 5 |  5.2
Fire Magic     | 4 5 |  5.7
Evocations     | 2 3 |  3.0
Conjurations   | 2 |  2.7
Dodging        | 3 |  3.0
Stealth        | |  1.4

Action                     |  1- 3 |  4- 6 |  7- 9 || total
---------------------------+-------+-------+-------++-------
  Melee: Unarmed           |     4 |       |       ||     4
         Staff             |       |       |     1 ||     1
   Cast: Foxfire           |    37 |     9 |     3 ||    49
         Scorch            |     5 |    16 |     1 ||    22
    Use: Scroll            |     3 |     1 |       ||     4
         Potion            |       |     1 |       ||     1
 Armour: Robe              |     1 |     1 |       ||     2
  Dodge: Dodged            |    10 |     6 |     4 ||    20
